 Dungeon Crawl Stone Soup version 0.29-a0-553-g81b289dbe5 (webtiles) character file.

Game seed: 11964858793538994001

1016 tilp the Grave Robber (level 8, -18/61 HPs)
             Began as a Mummy Necromancer on June 6, 2022.
             Was an Initiate of Ru.
             Killed from afar by an acid dragon (30 damage)
             ... with a splash of acid
             ... on level 6 of the Dungeon.
             The game lasted 00:11:12 (5597 turns).

tilp the Grave Robber (Mummy Necromancer)           Turns: 5597, Time: 00:11:13

Health: -18/61     AC:  9    Str: 12    XL:     8   Next: 1%
Magic:  14/14      EV: 16    Int: 16    God:    Ru [......]
Gold:   213        SH:  0    Dex: 12    Spells: 7/15 levels left

rFire   x . .      SeeInvis .   a - +3 mace (venom)
rCold   + . .      Faith    .   (no shield)
rNeg    + + +      Spirit   .   c - +0 robe
rPois   ∞          Reflect  .   (no helmet)
rElec   .          Harm     .   (no cloak)
rCorr   .          Rampage  .   (no gloves)
Will    +....                   g - +2 pair of boots
Stlth   ++........              (no amulet)
HPRegen 0.00/turn               i - +4 ring of protection
MPRegen 0.14/turn               l - +4 ring of evasion

@: inhibited regen
A: cold resistance 1, negative energy resistance 3, inhibited regeneration,
torment resistance 2, heat vulnerability 1, in touch with death 1, no potions
a: Renounce Religion


You were on level 6 of the Dungeon.
You worshipped Ru.
Ru was noncommittal.
You visited 1 branch of the dungeon, and saw 6 of its levels.

You collected 213 gold pieces.

Inventory:

Hand Weapons
 a - a +3 mace of venom (weapon)
Missiles
 p - 3 poisoned darts (quivered)
 q - 2 boomerangs
 t - a throwing net
Armour
 c - a +0 robe (worn)
 e - the +2 buckler "Tug Nemimomi" {Int+4}
   (You acquired it on level 5 of the Dungeon)

   Int:       It affects your intelligence (+4).
 g - a +2 pair of boots (worn)
Jewellery
 i - a +4 ring of protection (left hand)
 l - a +4 ring of evasion (right hand)
 s - a +6 ring of dexterity
Wands
 b - a wand of acid (5)
Scrolls
 d - a scroll of immolation
 f - 2 scrolls of blinking
 h - a scroll of enchant armour {unknown}
 j - a scroll of enchant weapon {unknown}
 k - a scroll of vulnerability {unknown}
 m - 3 scrolls of fear
 n - a scroll of magic mapping {unknown}
 o - a scroll of poison {unknown}
 r - a scroll of fog {unknown}
 u - a scroll of teleportation {unknown}


   Skills:
 + Level 4.9 Fighting
 - Level 2.0 Maces & Flails
 - Level 2.0 Throwing
 - Level 2.0 Dodging
 - Level 2.0 Stealth
 + Level 1.3 Shields
 + Level 4.4 Spellcasting
 - Level 6.0 Necromancy
 - Level 2.0 Evocations


You had 7 spell levels left.
You knew the following spells:

 Your Spells              Type           Power      Damage    Failure   Level
a - Necrotize             Necr           100%       1d9       1%          1
b - Vampiric Draining     Necr           34%        2d8       4%          3
c - Animate Dead          Necr           34%        N/A       14%         4

Your spell library contained the following spells:

 Spells                   Type           Power      Damage    Failure   Level
 Freeze                   Ice            12%        1d4       16%         1
 Ensorcelled Hibernation  Hex/Ice        6%         N/A       24%         2
 Agony                    Necr           34%        N/A       36%         5
 Frozen Ramparts          Ice            6%         1d2       43%         3
 Anguish                  Hex/Necr       9%         N/A       43%         4
 Hailstorm                Conj/Ice       3%         3d3       85%         4
 Spider Form              Tmut/Pois      Unusable   N/A       N/A         3

Dungeon Overview and Level Annotations

Branches:
Dungeon (6/15)
 Temple: D:4-7

Altars:
Elyvilon
Qazlal
Ru

Annotations:
D:2 1 runed translucent door, Crazy Yiuf


Innate Abilities, Weirdness & Mutations

You are immune to poison.
Your flesh is cold resistant. (rC+)
You are immune to negative energy. (rN+++)
You do not regenerate when monsters are visible.
You are immune to unholy pain and torment.
You are vulnerable to heat. (rF-)
You are in touch with the powers of death.
You do not drink.


Message History

The acid dragon bites you. The acid dragon claws you.
You hit the acid dragon.
The acid dragon is poisoned.
The acid dragon is lightly wounded.
The acid dragon bites you but does no damage.
The acid dragon closely misses you.
A wight comes into view. It is wielding a +0 scimitar.
The wight misses you. x2; The acid dragon completely misses you.
The acid dragon misses you.
You hit the acid dragon but do no damage.
The acid dragon is lightly wounded.
The acid dragon spits acid at you. The splash of acid misses you.
The wight barely misses you.
Unknown command.
You hit the acid dragon.
The acid dragon is moderately wounded.
The acid dragon bites you but does no damage.
The acid dragon misses you. The wight misses you.
Unknown command.
You sock the acid dragon!
The acid dragon is severely wounded.
The acid dragon spits acid at you. The splash of acid hits you!
The wight barely misses you.
Unknown command.
You hit the acid dragon.
You punch the acid dragon, but do no damage.
The acid dragon is almost dead.
The acid dragon bites you!
* * * LOW HITPOINT WARNING * * *
The acid dragon barely misses you.
The wight hits you from afar with a +0 trident!
* * * LOW HITPOINT WARNING * * *
The wight closely misses you.
The acid dragon bites you but does no damage.
The acid dragon claws you but does no damage.
Blink to where?
Press: ? - help, Dir - move target
As you read the scroll of blinking, it crumbles to dust.
The acid dragon spits acid at you. The splash of acid hits you!!
You die...

#####z## #..§D..+ ##### #......#
#+##### ....## #......# #.....#
.....# #......######+###.....#
.....# #......#.......'......#
.....# #......#.......#......#
.....# #......#.......#......#
##'#########..##@##....####.##..#
#.....#...##..##.###'######.##..#
#.....#........#.................
#.....#.).(....#.................
#.....#........#.................
#.....'........#..........!.<....
†.....#........'.................
#.....#........#.................
#.....#........#.................


You could see an acid dragon (poisoned, catching breath).

Vanquished Creatures
  Menkaure (D:4)
  An ogre (D:6)
  2 bullfrogs
  A necrophage (D:4)
  An orc priest (D:4)
  2 hounds
  A gnoll shaman (D:5)
  4 iguanas
  4 orc wizards
  10 gnolls
  7 adders
  An ufetubus (D:6)
  2 worms
  3 dart slugs
  13 orcs
  4 ball pythons
  10 endoplasms
  6 giant cockroaches
  9 goblins
  7 hobgoblins
  8 jackals
  3 quokkas
  5 bats
  3 frilled lizards
  8 kobolds
  8 rats
124 creatures vanquished.

Vanquished Creatures (collateral kills)
  An orc (D:5)
  A goblin (D:1)
2 creatures vanquished.

Vanquished Creatures (others)
  23 fungi (D:4)
23 creatures vanquished.

Grand Total: 149 creatures vanquished

Notes
Turn   | Place    | Note
-------+----------+-------------------------------------------
     0 | D:1      | tilp the Mummy Necromancer began the quest for the Orb.
     0 | D:1      | Reached XP level 1. HP: 13/13 MP: 4/4
   125 | D:1      | Reached XP level 2. HP: 20/20 MP: 2/5
   160 | D:1      | Reached skill level 1 in Fighting
   693 | D:1      | Gained mutation: You are in touch with the powers of death.
                  | [Mummy growth]
   693 | D:1      | Reached XP level 3. HP: 27/27 MP: 7/7
   702 | D:1      | Found a faded altar of an unknown god.
  1053 | D:2      | Learned a level 3 spell: Vampiric Draining
  1751 | D:2      | Reached XP level 4. HP: 31/33 MP: 8/8
  1983 | D:2      | Found a runed translucent door.
  1984 | D:2      | Noticed Crazy Yiuf
  2135 | D:3      | Reached skill level 1 in Throwing
  2473 | D:3      | Reached XP level 5. HP: 40/40 MP: 5/9
  2563 | D:3      | Found a sacrificial altar of Ru.
  2635 | D:3      | Became a worshipper of Ru the Awakened
  3075 | D:3      | Found a stormy altar of Qazlal.
  3210 | D:4      | Learned a level 4 spell: Animate Dead
  3423 | D:4      | Reached skill level 5 in Necromancy
  3433 | D:4      | Reached XP level 6. HP: 42/47 MP: 10/10
  3650 | D:4      | Noticed Menkaure
  3669 | D:4      | Killed Menkaure
  3670 | D:4      | Reached skill level 6 in Necromancy
  3997 | D:4      | Reached XP level 7. HP: 53/54 MP: 11/11
  4021 | D:4      | Reached skill level 1 in Maces & Flails
  4021 | D:4      | Reached skill level 1 in Evocations
  4094 | D:4      | Gained mutation: You do not regenerate when monsters are
                  | visible. [Ru sacrifice]
  4322 | D:5      | Entered Level 5 of the Dungeon
  4559 | D:5      | Identified a scroll of acquirement
  4624 | D:5      | Acquired the +2 buckler "Tug Nemimomi" {Int+4}
  5400 | D:6      | Reached skill level 1 in Shields
  5528 | D:6      | Reached XP level 8. HP: 61/61 MP: 12/14
  5597 | D:6      | Killed from afar by an acid dragon

Illustrated notes

Levels and vault maps discovered:
D:1:      dpeg_arrival_connections, layout_rooms,
          chequers_ecumenical_altar_twisty, hangedman_feature_mirror,
          chequers_serial_rivers_micro_e, kennysheep_boxes
D:2:      layout_basic, uniq_crazy_yiuf_cottage
D:3:      layout_basic, grunt_qazlal_clouds, hangedman_ru_absence,
          kennysheep_path_1, minmay_crystal_room, minivault_23
D:4:      layout_loops_ring, mainiacjoe_overflow_chevrons, uniq_menkaure
D:5:      layout_basic
D:6:      layout_gridville

Skill      XL: |  1  2  3  4  5  6  7 |
---------------+----------------------+-----
Fighting       | 1 2 3 4 |  4.9
Spellcasting   | 3 4 |  4.4
Stealth        | 2 |  2.0
Dodging        | 2 |  2.0
Throwing       | 1 2 |  2.0
Necromancy     | 5 6 |  6.0
Maces & Flails | 2 |  2.0
Evocations     | 2 |  2.0
Shields        | 1 |  1.3

Action                   |  1- 3 |  4- 6 |  7- 9 || total
-------------------------+-------+-------+-------++-------
Melee: Dagger            |     9 |       |       ||     9
       Mace              |    21 |   154 |    79 ||   254
       Punch             |       |     1 |     2 ||     3
Throw: Stone             |       |     2 |       ||     2
       Dart              |       |     3 |    23 ||    26
       Boomerang         |       |       |     4 ||     4
 Cast: Necrotize         |    52 |    22 |    11 ||    85
Invok: Sacrifice Purity  |       |       |     1 ||     1
  Use: Scroll            |     2 |       |     4 ||     6
 Stab: Sleeping          |     3 |     2 |     1 ||     6
       Distracted        |       |     1 |       ||     1
Armor: Robe              |    10 |    50 |    22 ||    82
Dodge: Dodged            |    21 |   148 |    73 ||   242

Table legend: (Time is in decaauts)
 A = Elapsed time spent in this place.
 B = Non-inter-level travel time spent in this place.
 C = Inter-level travel time spent in this place.
 D = Time resting spent in this place.
 E = Time spent auto-exploring this place.
 F = Levels seen in this place.
 G = Mean time per level.
                   A        B        C        D        E       F      G
               +--------+--------+--------+--------+--------+-----+--------+
         Total |   5694 |   5456 |    238 |    370 |   4028 |   6 |  949.0 |
       Dungeon |   5694 |   5456 |    238 |    370 |   4028 |   6 |  949.0 |
               +--------+--------+--------+--------+--------+-----+--------+

Top non-repeatable levels by time:
     D:4: 1158 daAuts
     D:3: 1152 daAuts
     D:2: 1067 daAuts
     D:1: 1017 daAuts
     D:5: 878 daAuts
     D:6: 419 daAuts
